AoeStats
← dreikot

Golden Pit

508989651Analyzed
1v1 RM · 7d ago on Sep 25, 2026· 21m 34s· 2 players
Game mode
Random Map
Map size
Tiny (2 player)
Population
200
Speed
Normal
Resources
Standard
Victory
Conquest
Starting age
Dark Age
Ending age
Imperial Age
RankedLock teamsTeams togetherTeam positionsShared explorationLock speedFull tech treeHidden civsTurbo modeCheats
Victory
Defeat
🇺🇸 Danes · United States
759
+15
🇨🇴 Japanese · Colombia
740
-15
dreikot
11:23 Feudal Age
19:25 Fletching
19:31 Gold Mining
peagle
6:56 Loom
10:29 Feudal Age
12:20 Man-at-Arms
12:47 Arson
13:50 Padded Archer Armor
18:09 Fletching
23:11 Castle Age
Connection lost

Rejoining the realm…

Still unreachable

The connection could not be restored.

Session expired

The server has moved on; the page needs a fresh start.